cohdb
Replays
Latest Replays
All Replays
Popular Replays
Top Player Replays
Match Explorer
How It Works
Community
CoH3 Stats
Reddit
Sign in to upload your games and track your stats! →
Sign in with Steam
Match 42541824
Unlisted
Match 42541824
Overview
Messages
Build Orders
End
Construct Barracks
Selects Airborne Battlegroup
Selects Heavy Machine Gun Paradrop
Heavy Machine Gun Paradrop
Riflemen Squad
M1 Mortar Team
Construct Weapon Support Center
Selects Paratrooper Squad Paradrop
Paratrooper Squad Paradrop
Mechanized Support Center
M3 Armored Personnel Carrier
Paratrooper Squad Paradrop
Selects Recon Loiter
Bazooka Squad
Selects Anti-tank Gun Team Paradrop
Anti-tank Gun Team Paradrop
M1919 Machine Gun Team
A_Smoove
o華鳥風月o
晨曦朝露
Hakapik
Joraad
carlo
Bruce_Wayne__
yourdad
0
0
Comments
sign in to comment!
No comments posted yet!